 Dungeon Crawl Stone Soup version 0.30-a0-778-g2ef04afb54 (webtiles) character file.

Game seed: 4672939474423937302

142551 BigDaddyOpFi the Severer (level 17, -7/161 HPs)
             Began as a Hill Orc Fighter on Feb 10, 2023.
             Was the Champion of Beogh.
             Shot with a sling bullet by a faun (8 damage)
             ... on level 4 of the Shoals on Feb 15, 2023.
             The game lasted 00:50:00 (37060 turns).

BigDaddyOpFi the Severer (Hill Orc Fighter)        Turns: 37060, Time: 00:50:01

Health: -7/161     AC: 30    Str: 32    XL:     17   Next: 35%
Magic:  28/28      EV: 12    Int: 12    God:    Beogh [******]
Gold:   4521       SH:  0    Dex: 11    Spells: 16/16 levels left

rFire   . . .      SeeInvis .    a - +4 war axe (spect)
rCold   . . .      Faith    .    o - +0 tower shield
rNeg    . . .      Spirit   .    e - +6 plate armour
rPois   .          Reflect  +    (helmet restricted)
rElec   +          Harm     .    u - +0 cloak
rCorr   .          Rampage  .    d - +0 pair of gloves
Will    .....                    T - +2 pair of boots Stlth
                                 U - amulet of reflection
HPRegen 0.46/turn                r - +6 ring of strength
MPRegen 0.21/turn                K - +5 ring of evasion

@: confused, lethally poisoned (-7 -> -32), lit by a corona, weak-willed,
afraid, ambrosia-drunk, glowing, studying Ranged Weapons
A: walk on water, horns 1, thin skeletal structure 1, camouflage 1, clever 1,
electricity resistance
a: Renounce Religion, Smiting, Recall Orcish Followers, Give Item to Named
Follower, Resurrection


You were on level 4 of the Shoals.
You worshipped Beogh.
Beogh was exalted by your worship.
You visited 4 branches of the dungeon, and saw 26 of its levels.

You collected 4521 gold pieces.

Inventory:

Hand Weapons
 a - a +4 spectral war axe (weapon)
 D - the +4 whip "Gywofen" {drain, Fragile rElec rC+}
   (You found it on level 9 of the Dungeon)

   rC:        It protects you from cold.
   rElec:     It insulates you from electricity.
   Fragile:   It will be destroyed if unequipped.
Missiles
 X - 2 throwing nets
Armour
 d - a +0 pair of gloves (worn)
 e - a +6 plate armour (worn)
 o - a +0 tower shield (worn)
 u - a +0 cloak (worn)
 E - a +0 kite shield
 T - a +2 pair of boots (worn)
Jewellery
 h - a ring of resist corrosion
 i - a ring of fire
 j - a ring of positive energy
 r - a +6 ring of strength (left hand)
 t - a +6 ring of strength
 y - a ring of see invisible
 z - a ring of poison resistance
 K - a +5 ring of evasion (right hand)
 O - a ring of willpower
 U - an amulet of reflection (around neck)
 V - a ring of protection from cold
Wands
 f - a wand of mindburst (3)
 s - a wand of light (16) (quivered)
 w - a wand of digging (6)
 C - a wand of polymorph (3)
 L - a wand of flame (47)
 N - a wand of roots (23)
 P - a wand of charming (32)
Scrolls
 k - a scroll of amnesia
 l - 4 scrolls of fog
 m - 4 scrolls of poison
 p - 12 scrolls of identify
 q - a scroll of silence
 A - 3 scrolls of immolation
 B - a scroll of brand weapon
 G - 5 scrolls of magic mapping
 W - a scroll of fear
 Y - 4 scrolls of teleportation
 Z - a scroll of torment {unknown}
Potions
 b - 2 potions of berserk rage
 c - 3 potions of magic
 g - 8 potions of attraction
 x - 2 potions of cancellation
 F - 2 potions of haste
 H - 4 potions of lignification
 I - 3 potions of flight
 J - 2 potions of brilliance
 M - 7 potions of might
 S - 2 potions of mutation
Miscellaneous
 n - a phantom mirror
 Q - a piece from Xom's chessboard (15/15)
 R - a phial of floods


   Skills:
 + Level 17.3 Fighting
 + Level 18.5 Axes
 + Level 16.0 Armour
 + Level 16.0 Shields
 + Level 15.9 Invocations


You had 16 spell levels left.
You didn't know any spells.
Your spell library contained the following spells:

 Spells                   Type           Power      Damage    Failure   Level
 Beastly Appendage        Tmut           0%         N/A       99%         1
 Magic Dart               Conj           0%         1d3       99%         1
 Sandblast                Erth           0%         2d4       99%         1
 Call Imp                 Summ           0%         N/A       100%        2
 Passwall                 Tmut/Erth      0%         N/A       100%        2
 Wereblood                Tmut           0%         N/A       100%        2
 Mephitic Cloud           Conj/Pois/Air  0%         N/A       100%        3
 Spider Form              Tmut/Pois      0%         N/A       100%        3
 Stone Arrow              Conj/Erth      0%         3d7       100%        3
 Animate Armour           Summ/Erth      0%         N/A       100%        4
 Leda's Liquefaction      Hex/Erth       0%         N/A       100%        4
 Passage of Golubria      Tloc           0%         N/A       100%        4
 Lee's Rapid Deconstruct  Erth           0%         3d4*      100%        5
 Silence                  Hex/Air        0%         N/A       100%        5
 Yara's Violent Unravell  Hex/Tmut       0%         3d3       100%        5
 Statue Form              Tmut/Erth      0%         N/A       100%        6
 Enfeeble                 Hex            0%         N/A       100%        7
 Lehudib's Crystal Spear  Conj/Erth      0%         10d2      100%        8


Dungeon Overview and Level Annotations

Branches:
Dungeon (15/15) Temple (0/1) D:6 Lair (5/5) D:10 Shoals (4/4) Lair:2 Snake (0/4) Lair:3 Slime (0/5) Lair:5 Orc (2/2) D:12 Elf (0/3) Orc:2 Vaults (0/5) D:13 D:14 Depths (0/4) D:15

Altars:
Ashenzari
Cheibriados
Elyvilon
Fedhas
Gozag
Nemelex Xobeh
Sif Muna
Trog
Uskayaw
Wu Jian
Xom
Yredelemnul
Zin
Beogh

Shops:
D:3 *   Orc:2 :=(:   Shoals:2 [

Annotations:
D:15 3 runed translucent doors, Nol Upoh's ghost, journeyman GrFi
Lair:3 3 runed translucent doors, BigDaddyOpFi's ghost, journeyman DsFi
Shoals:2 Urug


Innate Abilities, Weirdness & Mutations

You can walk on water.
You have a pair of small horns on your head.
You have a somewhat thin skeletal structure. (Dex +2, Stealth+)
Your skin changes colour to match your surroundings (Stealth+).
Your mind is acute. (Int +4, Str/Dex -1)
You are resistant to electric shocks. (rElec)


Message History

Your soul eater barely misses the satyr.
The merfolk throws a boomerang.
The boomerang hits you.
* * * LOW HITPOINT WARNING * * *
Margrim misses the merfolk.
The sea snake bites your red devil!
Your red devil dies!
Your red devil disappears in a puff of smoke!
The merfolk closely misses you.
The merfolk impaler hits you but does no damage.
You are too confused!
You are too confused!
You are more confused.
You feel more invigorated.
* * * LOW HITPOINT WARNING * * *
You feel extremely sick.
The faun unwields a +0 spear.
The faun wields a +0 sling of freezing.
It is covered in frost.
The faun shoots a sling bullet.
The sling bullet hits you.
* * * LOW HITPOINT WARNING * * *
The sling bullet freezes you.
* * * LOW HITPOINT WARNING * * *
The satyr plays a rousing melody on his pipes!
The fauns go into a battle-frenzy!
The merfolk impaler hits you but does no damage.
You are more poisoned.
The satyr plays a rousing melody on his pipes!
The satyr goes into a battle-frenzy!
Your soul eater hits the satyr.
The merfolk throws a boomerang.
The boomerang hits you but does no damage.
Margrim hits the merfolk from afar with the +5 spear of Xepobui {drain, rPois rN++ rCorr}!
The merfolk dies!
Beogh accepts your kill.
Are you sure you want to stumble around while confused and next to your ally Margrim?
This could place you under penance!
Okay, then.
* * * LOW HITPOINT WARNING * * *
You feel extremely sick.
Your orc sorcerer no longer looks unusually strong.
The merfolk impaler hits you from afar with a +4 trident of venom.
* * * LOW HITPOINT WARNING * * *
The faun shoots a sling bullet.
The sling bullet hits you!
You die...

.........)....~P.P..≈≈~
~~.............~~~≈≈≈≈≈≈
~~~~............~~~≈≈≈≈≈
~~~~~~..........~~~≈≈≈≈≈
~~~~~~~..........~~≈≈≈≈≈
~~~~~~...........~~~≈ ≈≈
~~....m......:.).~~~≈ ≈
~.....)..........~~~≈
~.....S@o........~~
~.....)c))........#
......m)3c!o.o..#..
....c..........#~~#
..............~~~~
..........?o~~#~#
......~....~~~#
....~..^..~~~~#


You could see a merfolk impaler, 2 satyrs, a sea snake, a merfolk, a faun
(strong, ally target), the friendly Margrim the orc warlord (strong), the
friendly Borgun the orc knight (strong), the friendly Rocco the orc knight
(strong, fleeing), a friendly soul eater (summoned) and a friendly orc sorcerer
(fleeing).

Vanquished Creatures
  Rupert (D:13)
  3 krakens
  Frances (Shoals:1)
  The ghost of cforsyth the Spry, an adept TeSu of Gozag (Shoals:1)
  The ghost of Jogov the Destroyer, a journeyman DgHW (D:14)
  5 merfolk impalers
  3 merfolk javelineers
  A catoblepas (Lair:1)
  3 hydras
  A merfolk avatar (Shoals:4)
  2 ogre magi (Orc:2)
  2 merfolk aquamancers
  5 boulder beetles
  9 two-headed ogres
  7 centaur warriors
  An alligator snapping turtle (Shoals:3)
  3 satyrs
  A death yak (Lair:4)
  5 sea snakes
  Amaemon (D:8)
  4 skysharks
  A sea snake (shapeshifter) (D:14)
  A wizard (D:14)
  3 lindwurms
  8 harpies
  5 ugly things
  A wolf spider (D:15)
  4 cyclopes
  13 fauns
  A spectral satyr (Shoals:1)
  8 manticores
  An oklob plant (D:9)
  12 elephants
  9 merfolk sirens
  2 black mambas
  7 torpor snails
  A cane toad (shapeshifter) (D:14)
  7 cane toads
  An orange demon (D:8)
  A gargoyle (D:12)
  4 rime drakes
  An unseen horror (D:12)
  An efreet (D:15)
  5 komodo dragons
  Maggie (D:8)
  A spectral merfolk (Shoals:1)
  27 merfolk
  3 burning bushes (Lair:1)
  A queen bee (Lair:3)
  12 trolls
  6 hornets
  3 wind drakes
  7 meliai
  8 polar bears
  2 tyrant leeches (Lair:5)
  2 snapping turtles
  6 dream sheep
  5 blink frogs (Lair:5)
  A spectral manticore (Shoals:1)
  5 slime creatures
  Sigmund (D:4)
  5 shadows
  13 wyverns
  6 basilisks
  8 water elementals
  4 wraiths
  38 yaks
  8 humans (D:13)
  A steam dragon (D:7)
  A sea snake simulacrum (Shoals:1)
  2 vampire mosquitoes (D:11)
  7 wargs
  3 nagas (Lair:3)
  3 acid dragons
  Duvessa (D:7)
  14 hell hounds (Lair:5)
  4 water moccasins
  3 orc warriors
  An ice beast (D:7)
  12 black bears
  14 ogres
  23 wolves
  A boggart (D:14)
  8 centaurs
  3 phantoms
  A kobold brigand (D:9)
  A gnoll sergeant (D:8)
  2 necrophages (D:7)
  8 bullfrogs
  8 scorpions
  4 wights (D:9)
  Dowan (D:7)
  A troll zombie (D:12)
  37 killer bees
  A manticore simulacrum (Shoals:1)
  3 electric eels
  5 howler monkeys
  3 orc priests
  2 hounds (D:7)
  A gnoll bouda (D:7)
  3 iguanas
  16 orc wizards
  8 hell rats
  7 ogre zombies (D:12)
  8 gnolls
  7 adders
  A river rat (Lair:3)
  2 white imps
  3 ufetubi
  A worm (D:2)
  4 dart slugs
  43 orcs
  5 ball pythons
  7 endoplasms
  5 giant cockroaches
  5 goblins
  2 hobgoblins
  8 quokkas
  6 bats
  4 frilled lizards
  A goblin skeleton (D:12)
  3 goblin zombies (D:12)
  A hobgoblin skeleton (D:12)
  3 hobgoblin zombies (D:12)
  9 kobolds
  3 orc skeletons (D:12)
  14 orc zombies (D:12)
  4 rats
  A spectral orc (D:7)
  A plant (Lair:5)
  7 tentacles
701 creatures vanquished.

Vanquished Creatures (collateral kills)
  Mlioglotl (Shoals:1)
  Agnes (D:15)
  Roxanne (D:15)
  Aizul (Shoals:1)
  A dire elephant (D:15)
  3 merfolk impalers
  Josephine (D:15)
  A fire dragon (Lair:5)
  4 hydras
  Erolcha (Orc:1)
  2 centaur warriors
  2 alligator snapping turtles
  A merfolk aquamancer (Shoals:3)
  4 two-headed ogres (Orc:2)
  2 merfolk avatars
  2 boulder beetles
  3 skysharks
  A flayed ghost (D:14)
  2 deep trolls (Orc:2)
  2 sea snakes
  4 harpies
  A deep elf pyromancer (D:15)
  10 fauns
  A cyclops (Orc:2)
  A salamander (D:15)
  2 manticores
  A slime creature (D:15)
  A water nymph (Shoals:3)
  2 merfolk sirens
  A black mamba (Lair:4)
  A spectral sea snake (Shoals:1)
  A cane toad (Lair:5)
  2 komodo dragons (Lair:5)
  3 freezing wraiths (D:14)
  A spectral harpy (Shoals:1)
  3 trolls (Orc:2)
  3 wind drakes
  3 polar bears (Lair:5)
  A tyrant leech (Lair:5)
  14 merfolk
  2 hornets (Lair:5)
  4 blink frogs
  4 snapping turtles
  3 dream sheep (Lair:4)
  4 wraiths (D:15)
  A wyvern (Lair:4)
  A hog (shapeshifter) (D:15)
  6 yaks (Lair:5)
  8 humans (D:13)
  2 basilisks
  A warg (Orc:1)
  A sea snake simulacrum (Shoals:1)
  A hell hound (Lair:5)
  2 water moccasins
  2 merfolk simulacra (Shoals:1)
  A black bear (Lair:5)
  A centaur (D:15)
  4 wolves (Lair:5)
  3 ogres (Orc:2)
  A bullfrog (Lair:3)
  4 orc wizards
  A river rat (Lair:3)
  5 orcs
  A bush (Lair:4)
  2 plants
157 creatures vanquished.

Vanquished Creatures (others)
  Urug (Shoals:2)
  An orc high priest (Shoals:1)
  5 orc knights
  A merfolk siren (Shoals:2)
  6 orc priests
  7 orc warriors
  4 orc wizards
  15 orcs
  39 fungi
  243 plants
  8 tentacles
330 creatures vanquished.

Grand Total: 1188 creatures vanquished

Notes
Turn   | Place    | Note
-------+----------+-------------------------------------------
     0 | D:1      | BigDaddyOpFi the Hill Orc Fighter began the quest for the
                  | Orb.
     0 | D:1      | Reached XP level 1. HP: 19/19 MP: 1/1
   156 | D:1      | Reached XP level 2. HP: 27/27 MP: 2/2
   167 | D:1      | Reached skill level 3 in Axes
   598 | D:1      | Found a faded altar of an unknown god.
   677 | D:1      | Reached XP level 3. HP: 33/33 MP: 3/3
  1523 | D:3      | Reached XP level 4. HP: 38/40 MP: 4/4
  1529 | D:3      | Found Zin's Purification Station.
  1532 | D:3      | Found a glowing silver altar of Zin.
  2078 | D:3      | Found an ornate altar of the Wu Jian Council.
  2217 | D:3      | Found a shimmering blue altar of Sif Muna.
  2243 | D:3      | Reached skill level 4 in Axes
  2286 | D:4      | Noticed a phantom
  2292 | D:4      | Reached XP level 5. HP: 36/47 MP: 5/5
  2296 | D:4      | Killed a phantom
  2720 | D:4      | Reached skill level 5 in Fighting
  2720 | D:4      | Reached XP level 6. HP: 52/56 MP: 6/6
  2905 | D:4      | Noticed Sigmund
  2916 | D:4      | Killed Sigmund
  2917 | D:4      | Reached skill level 5 in Axes
  2917 | D:4      | Reached skill level 5 in Shields
  2924 | D:4      | Reached skill level 5 in Armour
  2924 | D:4      | Reached XP level 7. HP: 53/61 MP: 7/7
  3105 | D:5      | Entered Level 5 of the Dungeon
  3553 | D:5      | Reached skill level 6 in Axes
  3572 | D:5      | Found a bloodstained altar of Trog.
  3790 | D:5      | Found a sparkling altar of Nemelex Xobeh.
  3831 | D:5      | Found a hide-covered altar of Uskayaw.
  3990 | D:5      | Found a white marble altar of Elyvilon.
  4079 | D:6      | Found an opulent altar of Gozag.
  4147 | D:6      | Found a broken altar of Ashenzari.
  4159 | D:6      | Reached XP level 8. HP: 61/71 MP: 8/8
  4458 | D:6      | Found a staircase to the Ecumenical Temple.
  4642 | D:6      | Identified the +2 leather armour of the Gravedigger {rElec
                  | rCorr Str+2 Dex+4}
  4796 | D:7      | Reached skill level 7 in Axes
  5182 | D:7      | Reached XP level 9. HP: 79/79 MP: 9/9
  5182 | D:7      | Gained mutation: Your mind is acute. (Int +4, Str/Dex -1)
                  | [potion of mutation]
  5182 | D:7      | Gained mutation: You have hidden genetic potential. [potion
                  | of mutation]
  5182 | D:7      | Gained mutation: You have a pair of small horns on your
                  | head. [potion of mutation]
  5182 | D:7      | Gained mutation: You have a somewhat thin skeletal
                  | structure. (Dex +2, Stealth+) [potion of mutation]
  5198 | D:7      | Reached skill level 8 in Axes
  5517 | D:7      | Noticed Dowan
  5518 | D:7      | Noticed Duvessa
  5526 | D:7      | Killed Duvessa
  5528 | D:7      | Killed Dowan
  5564 | D:7      | Found a snail-covered altar of Cheibriados.
  5566 | D:7      | Identified the +1 robe "Ronitec" {rF+ Will++ Int-3 Slay+2}
  5628 | D:7      | Found a basalt altar of Yredelemnul.
  5999 | D:8      | Noticed Maggie
  6010 | D:8      | Killed Maggie
  6094 | D:8      | Noticed an orange demon
  6098 | D:8      | Noticed Amaemon
  6107 | D:8      | Killed Amaemon
  6108 | D:8      | Reached skill level 9 in Axes
  6110 | D:8      | Killed an orange demon
  6111 | D:8      | Reached XP level 10. HP: 50/91 MP: 10/10
  6119 | D:8      | Gained mutation: Your skin changes colour to match your
                  | surroundings (Stealth+). [hidden potential]
  7553 | D:8      | Reached skill level 10 in Axes
  8005 | D:9      | Reached skill level 10 in Fighting
  8005 | D:9      | Reached skill level 1 in Invocations
  8191 | D:9      | Noticed a two-headed ogre
  8197 | D:9      | Killed a two-headed ogre
  8217 | D:9      | Became a worshipper of Beogh the Brigand
  8278 | D:9      | Found a blossoming altar of Fedhas.
  8342 | D:9      | Noticed an oklob plant
  8355 | D:9      | Killed an oklob plant
  8356 | D:9      | Reached XP level 11. HP: 63/101 MP: 13/13
  8530 | D:9      | Identified the +4 whip "Gywofen" {drain, Fragile rElec rC+}
  8740 | D:9      | Reached skill level 11 in Axes
  8744 | D:9      | Gained mutation: You are resistant to electric shocks.
                  | (rElec) [hidden potential]
  8744 | D:9      | Lost mutation: You have hidden genetic potential. [hidden
                  | potential expressed]
  9079 | D:10     | Entered Level 10 of the Dungeon
  9200 | D:10     | Noticed a cyclops
  9211 | D:10     | Killed a cyclops
  9390 | D:10     | Noticed a cyclops
  9399 | D:10     | Killed a cyclops
  9477 | D:10     | Found a staircase to the Lair.
  9616 | D:11     | Reached * piety under Beogh
  9616 | D:11     | Noticed a boulder beetle
  9634 | D:11     | Killed a boulder beetle
  9755 | D:11     | Reached skill level 10 in Shields
  9756 | D:11     | Reached skill level 10 in Armour
  9814 | D:11     | Noticed a purple ugly thing
  9820 | D:11     | Killed a purple ugly thing
  9821 | D:11     | Reached skill level 5 in Invocations
 10205 | D:11     | Noticed a manticore
 10211 | D:11     | Killed a manticore
 10415 | D:11     | Reached skill level 12 in Axes
 10563 | D:11     | Noticed a cyan ugly thing
 10570 | D:11     | Killed a cyan ugly thing
 10693 | D:11     | Reached XP level 12. HP: 103/110 MP: 16/16
 11084 | D:12     | Noticed a boulder beetle
 11099 | D:12     | Killed a boulder beetle
 11221 | D:12     | Found a staircase to the Orcish Mines.
 11233 | D:12     | Reached ** piety under Beogh
 11505 | D:12     | Noticed a boulder beetle
 11532 | D:12     | Killed a boulder beetle
 11583 | D:12     | Noticed a two-headed ogre
 11586 | D:12     | Noticed a two-headed ogre
 12111 | D:12     | Noticed a two-headed ogre
 12119 | D:11     | Killed a two-headed ogre
 12119 | D:11     | Killed a two-headed ogre
 12460 | D:11     | Reached skill level 13 in Axes
 12854 | D:11     | Killed a two-headed ogre
 13212 | D:12     | Found a shimmering altar of Xom.
 13679 | D:12     | Noticed a two-headed ogre
 13684 | D:12     | Killed a two-headed ogre
 13826 | D:13     | Noticed a centaur warrior
 13836 | D:13     | Noticed a four-headed hydra
 14215 | Lair:1   | Entered Level 1 of the Lair of Beasts
 14215 | Lair:1   | Noticed a catoblepas
 14221 | Lair:1   | Killed a catoblepas
 14249 | Lair:1   | Reached XP level 13. HP: 82/119 MP: 19/19
 14403 | Lair:1   | Reached *** piety under Beogh
 14430 | Lair:1   | Identified a scroll of acquirement
 14430 | Lair:1   | Acquired 1319 gold pieces
 15307 | Lair:2   | Reached skill level 14 in Axes
 15381 | Lair:2   | Found a staircase to the Shoals.
 15391 | Lair:2   | Reached **** piety under Beogh
 15603 | Lair:2   | Reached skill level 10 in Invocations
 17234 | Lair:3   | Identified the +5 spear of Xepobui {drain, rPois rN++
                  | rCorr}
 17626 | Lair:3   | Noticed BigDaddyOpFi's ghost (journeyman DsFi)
 17636 | Lair:3   | Found a runed translucent gate.
 17636 | Lair:3   | Found a runed translucent gate.
 17636 | Lair:3   | Found a runed translucent gate.
 17651 | Lair:3   | Reached ***** piety under Beogh
 18127 | Lair:3   | Found a staircase to the Snake Pit.
 18225 | Lair:3   | Reached XP level 14. HP: 130/130 MP: 22/22
 18622 | Lair:4   | Gained Margrim as an ally
 19009 | Lair:4   | Reached skill level 15 in Axes
 19723 | Lair:5   | Entered Level 5 of the Lair of Beasts
 19882 | Lair:5   | Found a staircase to the Slime Pits.
 20467 | Lair:5   | Found a runed translucent door.
 21039 | Lair:5   | Reached ****** piety under Beogh
 21409 | Lair:5   | Reached XP level 15. HP: 122/139 MP: 24/24
 21422 | Lair:5   | Reached skill level 15 in Fighting
 21431 | Lair:5   | Identified the +8 ring mail "Patoq" {rC+ Str+3 Dex+3}
 21635 | Lair:5   | Reached skill level 16 in Axes
 21641 | Lair:5   | Identified the +1 scimitar of Urphoghi {speed, *Slow rN+
                  | Int+2}
 22053 | D:13     | Noticed Urug
 22983 | D:14     | Noticed Rupert
 22983 | D:14     | Found a gate to the Vaults.
 23074 | D:13     | Killed Rupert
 24319 | D:14     | Found a runed translucent door.
 24320 | D:14     | Noticed Jogov's ghost (journeyman DgHW)
 25396 | D:14     | Killed Jogov's ghost
 25432 | D:15     | Entered Level 15 of the Dungeon
 25636 | D:15     | Noticed Roxanne
 25642 | D:15     | Noticed Josephine
 25647 | D:15     | Killed Roxanne
 25652 | D:15     | Killed Josephine
 25653 | D:15     | Gained Geork as an ally
 26136 | D:15     | Found a runed translucent gate.
 26136 | D:15     | Found a runed translucent gate.
 26136 | D:15     | Noticed Nol Upoh's ghost (journeyman GrFi)
 26138 | D:15     | Found a runed translucent gate.
 26237 | D:15     | Noticed Agnes
 26243 | D:15     | Killed Agnes
 26356 | D:15     | Found a white marble altar of Elyvilon.
 26489 | D:15     | Identified the ring of the Madman {rF+ rN+ rCorr Int+8
                  | Stlth-}
 26515 | D:15     | Found a staircase to the Depths.
 26921 | Orc:1    | Entered Level 1 of the Orcish Mines
 27708 | Shoals:1 | Entered Level 1 of the Shoals
 27903 | Shoals:1 | Noticed Aizul
 27912 | Shoals:1 | Killed Aizul
 27912 | Shoals:1 | Noticed Mlioglotl
 27924 | Shoals:1 | Killed Mlioglotl
 28399 | Orc:2    | Entered Level 2 of the Orcish Mines
 29052 | Orc:2    | Found Liguagra's Book Shoppe.
 29062 | Orc:2    | Reached skill level 17 in Axes
 29068 | Orc:2    | Found Daqad's Weapon Shoppe.
 29072 | Orc:2    | Reached XP level 16. HP: 83/151 MP: 26/26
 29091 | Orc:2    | Found Opivaes's Jewellery Boutique.
 29475 | Orc:2    | Found Sioppalo's Book Emporium.
 29522 | Orc:2    | Found a staircase to the Elven Halls.
 29718 | Orc:1    | Found a runed translucent door.
 29827 | Orc:1    | Killed Erolcha
 29990 | Orc:1    | Found a roughly hewn altar of Beogh.
 30420 | Shoals:1 | Noticed Frances
 30427 | Shoals:1 | Killed Frances
 30432 | Shoals:1 | Reached skill level 15 in Shields
 30473 | Shoals:1 | Reached skill level 15 in Armour
 30649 | Shoals:1 | Found a runed translucent gate.
 30649 | Shoals:1 | Found a runed translucent gate.
 30649 | Shoals:1 | Found a runed translucent gate.
 30653 | Shoals:1 | Noticed cforsyth's ghost (adept TeSu)
 31257 | Shoals:1 | Killed cforsyth's ghost
 32038 | Shoals:2 | HP: 1/152 [wind drake/the air (10)]
 32043 | Shoals:2 | HP: 2/152 [centaur warrior/arrow (1)]
 32405 | Shoals:2 | Gained Ortolf as an ally
 32405 | Shoals:2 | Gained Arkwar as an ally
 32405 | Shoals:2 | Gained Arbolt as an ally
 32407 | Shoals:2 | Your ally Arkwar died
 32633 | Shoals:2 | Your ally Arbolt died
 32664 | Shoals:2 | Gained Bladwarg as an ally
 32841 | Shoals:2 | Gained Bogward as an ally
 33174 | Shoals:2 | Reached skill level 15 in Invocations
 33233 | Shoals:2 | Noticed a kraken
 33240 | Shoals:2 | Killed a kraken
 33419 | Shoals:2 | Your ally Urug died
 33456 | Shoals:2 | Your ally Ortolf died
 34015 | Shoals:2 | Found Saeh's Armour Shop.
 34198 | Shoals:2 | Upgraded the game from 0.30-a0-760-g5a9884bb7c to
                  | 0.30-a0-778-g2ef04afb54
 34252 | Shoals:3 | Reached skill level 18 in Axes
 34271 | Shoals:3 | Your ally Bogward died
 34282 | Shoals:3 | Your ally Geork died
 34757 | Shoals:3 | Reached XP level 17. HP: 89/161 MP: 28/28
 35888 | Shoals:3 | Noticed a kraken
 35897 | Shoals:3 | Killed a kraken
 36351 | Shoals:3 | Noticed a kraken
 36360 | Shoals:3 | Killed a kraken
 36763 | Shoals:4 | Entered Level 4 of the Shoals
 36792 | Shoals:4 | Gained Borgun as an ally
 36942 | Shoals:4 | Identified the +8 whip of Classification {pain, Contam
                  | Will++}
 37051 | Shoals:4 | Gained Rocco as an ally
 37059 | Shoals:4 | HP: 8/161 [faun/sling bullet (1)]
 37060 | Shoals:4 | HP: 1/161 [merfolk impaler/+4 trident of venom (3)]
 37060 | Shoals:4 | Shot with a sling bullet by a faun

Illustrated notes

Levels and vault maps discovered:
D:1:      heliophobic_arrival_henge, layout_loops_ring,
          dreamdust_ecumenical_altar_angels_and_demons, serial_forest,
          infiniplex_forest_clump_small, infiniplex_forest_lined_room_,
          infiniplex_forest_clump_diagonal, infiniplex_forest_clump_tiny,
          infiniplex_forest_straight_2, infiniplex_forest_clump_tiny,
          infiniplex_forest_clump_diagonal, corexii_hall_statues_x,
          reono_crystal_passage
D:2:      layout_loops_ring
D:3:      layout_basic, zin_purify, kennysheep_orc_sif_temple,
          pdpol_wu_jian_five_deadly_venoms, dk_noncrumbling_2,
          chequers_serial_rivers_micro_c
D:4:      layout_loops_ring, uniq_sigmund
D:5:      layout_basic, general_overflow_altar, nemelex_diamond_rough_becter,
          eat_drink_and_be_merry_uskayaw, trog_book, serial_curves,
          eino_curves_02, eino_curves_02, nicolae_elevator_lobby_plus
D:6:      layout_basic, nicolae_gozag_cash_rules_everything_around_me,
          nicolae_ashenzari_panopticon, minmay_temple_entry_waves
D:7:      layout_basic, lemuel_doored_altar,
          yredelemnul_forgotten_temple_becter, uniq_duvessa
D:8:      layout_basic, grunt_decor_resistance, minmay_manual_mares,
          uniq_amaemon, uniq_maggie
D:9:      layout_loops_cross, tgw_fedhas
D:10:     layout_rooms, lair_entry_dummy, kennysheep_generic_room_13
D:11:     layout_stronghold, gauntlet_entry_generic, st_stairs_2,
          grunt_ministairs_11
D:12:     layout_irregular_city, zombieorc2_lemuel, xom_confusion_cloud
D:13:     layout_roguey, uniq_urug
D:14:     minmay_bloctagon_deflated, layout_stronghold, david_vaults_3,
          minmay_misc_feat_secret_circle, ebering_ghost_inner_flame
D:15:     hangedman_depths_entry_try_elsewhere_first, layout_irregular_city,
          gammafunk_ghost_split, elyvilon_altar_5, uniq_roxanne, uniq_josephine,
          uniq_agnes
Lair:1:   layout_misc_corridors, chequers_serial_rivers_micro_a, evilmike_ambush
          [evilmike_ambush_outer_pillars, evilmike_ambush_inner_wall_2]
Lair:2:   layout_cave_pods, nicolae_shoals_entry_roost, guppyfry_lair_drakes
Lair:3:   regret_index_combs_of_tragedy, layout_cave_pods,
          guppyfry_snake_entry_garden, gammafunk_ghost_split,
          serial_bayou_shore_b
Lair:4:   layout_regular_city, evilmike_ambush [evilmike_ambush_outer_basic,
          evilmike_ambush_inner_pond], lemuel_fruit_tree, grunt_megastairs_2
Lair:5:   wormcave, layout_regular_city, hangedman_lair_caniforms_friends,
          slime_entry_1, serial_bayou_pond_a, pdpol_lair_cavern_descent
Shoals:1: layout_shoals, gammafunk_ghost_necromancy, uniq_frances, uniq_aizul,
          uniq_mlioglotl
Shoals:2: layout_shoals, serial_shops, nicolae_lakefront_shop
Shoals:3: layout_shoals, nicolae_shoals_gull_way
Shoals:4: shoals_end_grunt_garden, layout_shoals, shoals_ilsuiw_alternative
Orc:1:    layout_caves, lightli_church_of_beogh, uniq_erolcha
Orc:2:    st_orc_open, layout_diamond_mine

Skill      XL: |  1  2  3  4  5  6  7  8  9 10 11 12 13 14 15 16 17 |
---------------+----------------------------------------------------+-----
Axes           | 3 4 5 6 7 9 10 12 13 14 15 17 18 | 18.5
Fighting       | 4 5 6 7 9 10 11 12 13 14 16 17 | 17.3
Shields        | 4 5 6 8 9 10 11 12 13 14 15 16 | 16.0
Armour         | 4 5 6 8 9 10 11 12 13 14 15 16 | 16.0
Invocations    | 3 6 8 10 12 14 15 | 15.9

Action                     |  1- 3 |  4- 6 |  7- 9 | 10-12 | 13-15 | 16-18 || total
---------------------------+-------+-------+-------+-------+-------+-------++-------
  Melee: War axe           |   130 |   133 |   190 |   367 |   648 |   363 ||  1831
         Hand axe          |       |       |    32 |       |       |       ||    32
         Headbutt          |       |       |     5 |    70 |   176 |    99 ||   350
         Demon whip        |       |       |       |       |     1 |       ||     1
 Invoke: Convert to Beogh  |       |       |       |     1 |       |       ||     1
         Recall Orcish Fol |       |       |       |       |     7 |    12 ||    19
         Give Item to Name |       |       |       |       |     1 |       ||     1
         Stop Recall       |       |       |       |       |     2 |     8 ||    10
         Resurrection      |       |       |       |       |       |     1 ||     1
  Evoke: Wand              |       |       |       |       |     4 |     9 ||    13
    Use: Scroll            |       |     7 |     6 |     9 |    16 |     6 ||    44
         Potion            |       |     3 |    12 |       |     7 |     4 ||    26
   Stab: Fleeing           |       |     1 |       |       |       |       ||     1
         Petrified         |       |       |       |     5 |       |       ||     5
         Distracted        |       |       |       |     3 |    12 |    12 ||    27
         Invisible         |       |       |       |       |     1 |       ||     1
         Confused          |       |       |       |       |       |     3 ||     3
 Armour: Plate armour      |   116 |   102 |   253 |   209 |   379 |   238 ||  1297
         Skin              |       |       |     5 |       |       |       ||     5
  Dodge: Dodged            |    33 |    22 |   107 |   157 |   361 |   153 ||   833
  Block: Buckler           |    35 |    27 |    83 |    39 |       |       ||   184
         Kite shield       |       |       |       |   132 |   473 |   282 ||   887
         Reflection        |       |       |       |       |    21 |    58 ||    79
         Tower shield      |       |       |       |       |       |   160 ||   160

Table legend: (Time is in decaauts)
 A = Elapsed time spent in this place.
 B = Non-inter-level travel time spent in this place.
 C = Inter-level travel time spent in this place.
 D = Time resting spent in this place.
 E = Time spent auto-exploring this place.
 F = Levels seen in this place.
 G = Mean time per level.
                   A        B        C        D        E       F      G
               +--------+--------+--------+--------+--------+-----+--------+
         Total |  37185 |  35881 |   1304 |  12337 |  17828 |  26 | 1430.2 |
       Dungeon |  20287 |  19528 |    759 |   5742 |  11223 |  15 | 1352.5 |
          Lair |   7771 |   7388 |    383 |   1874 |   4313 |   5 | 1554.2 |
        Shoals |   7192 |   7169 |     23 |   3933 |   1612 |   4 | 1798.0 |
  Orcish Mines |   1933 |   1796 |    137 |    788 |    680 |   2 |  966.5 |
               +--------+--------+--------+--------+--------+-----+--------+

Top non-repeatable levels by time:
    D:11: 3091 daAuts
Shoals:2: 2580 daAuts
    D:13: 2351 daAuts
    D:12: 2229 daAuts
Shoals:1: 2199 daAuts
  Lair:3: 2195 daAuts
Shoals:3: 2120 daAuts
  Lair:5: 2028 daAuts
     D:8: 1843 daAuts
  Lair:2: 1637 daAuts
    D:15: 1429 daAuts
   Orc:2: 1328 daAuts
     D:9: 1321 daAuts
    D:14: 1287 daAuts
     D:7: 1278 daAuts
